 Dungeon Crawl Stone Soup version 0.31-a0-177-g4aa6249778 (webtiles) character file.

Game seed: 2075230589999380058

60 qw the Chopper (level 4, -3/28 HPs)
             Began as a Gargoyle Fighter on June 18, 2023.
             Slain by a gnoll
             ... wielding a +0 spear
              (8 damage)
             ... on level 2 of the Dungeon.
             The game lasted 00:00:47 (1228 turns).

qw the Chopper (Gargoyle Fighter)                   Turns: 1228, Time: 00:00:48

Health: -3/28      AC: 12    Str: 21    XL:     4   Next: 6%
Magic:  4/4        EV:  7    Int:  9    God:
Gold:   83         SH:  4    Dex:  9    Spells: 3/3 levels left

rFire   . . .        Y - +0 war axe
rCold   . . .        c - +0 buckler
rNeg    + . .        i - +0 chain mail
rPois   inf          (no helmet)
rElec   +            (no cloak)
rCorr   .            (no gloves)
SInv    .            (no boots)
Will    .....        (no amulet) Stlth
                     (no ring)
HPRegen 0.24/turn    (no ring)
MPRegen 0.09/turn

%: no passive effects
@: no status effects
A: sickness immunity, AC +3, negative energy resistance 1, electricity
resistance, torment resistance 1, petrification resistance
a: no special abilities


You were on level 2 of the Dungeon.
You visited 1 branch of the dungeon, and saw 2 of its levels.

You collected 83 gold pieces.


Innate Abilities, Weirdness & Mutations

You are immune to sickness and miasma.
Your stone body is resilient. (AC +3)
You are immune to poison.
You resist negative energy. (rN+)
You are resistant to electric shocks. (rElec)
You are resistant to unholy torment.
You are immune to petrification.


   Skills:
 - Level 3.2 Fighting
 + Level 3.8 Axes
 - Level 3.2 Armour
 - Level 3.2 Shields


You had 3 spell levels left.
You didn't know any spells.
Your spell library was empty.

Inventory:

Hand Weapons
 k - a +0 whip
 Y - a +0 war axe (weapon)
Armour
 a - a scarf of invisibility
 c - a +0 buckler (worn)
 i - a +0 chain mail (worn)
Scrolls
 b - a scroll of noise {unknown}
Potions
 d - a potion of might

Dungeon Overview and Level Annotations

Branches:
Dungeon (2/15)

Altars:


Message History

The gnoll hits you from afar with a +0 spear.
The goblin hits you but does no damage.
The gnoll hits you but does no damage. x2
The goblin hits you but does no damage.
The gnoll hits you from afar with a +0 spear.
You hit the gnoll but do no damage.
The gnoll is lightly wounded.
You slash the endoplasm!
You kill the endoplasm!
You hit the goblin. You block the goblin's attack.
The gnoll hits you but does no damage. The gnoll barely misses you.
You barely miss the goblin.
The goblin is severely wounded.
You barely miss the gnoll. The goblin hits you but does no damage.
The gnoll barely misses you. The gnoll hits you but does no damage.
You closely miss the goblin.
The goblin is severely wounded.
You hit the gnoll but do no damage. You block the goblin's attack.
The gnoll barely misses you. The gnoll hits you but does no damage.
The goblin hits you but does no damage. The gnoll hits you but does no damage.
The gnoll hits you from afar with a +0 spear.
You miss the goblin.
The goblin is severely wounded.
You closely miss the gnoll. The goblin barely misses you.
The gnoll hits you with a +0 club. The gnoll hits you but does no damage.
You barely miss the goblin.
The goblin is severely wounded.
You hit the gnoll. The goblin hits you but does no damage.
The gnoll hits you from afar with a +0 spear.
The gnoll barely misses you.
You barely miss the goblin.
The goblin is severely wounded.
You hit the gnoll but do no damage. The goblin hits you with a +0 dagger.
The gnoll hits you from afar with a +0 spear!
You die...

... ..........).......#
##...#...............#
#...##...............#
#.#>##................
#.#.##.....(..........
#...##................
#..####.......%g......
##.............@gg.....
#)...#############.....
##...## ... ....## .
..<.# .[..# ....# #####


You could see 2 gnolls and a goblin.

Vanquished Creatures
  2 gnolls (D:2)
  2 dart slugs (D:1)
  5 ball pythons
  4 endoplasms
  3 giant cockroaches (D:1)
  3 goblins (D:1)
  3 hobgoblins (D:1)
  A quokka (D:1)
  A bat (D:1)
  3 frilled lizards (D:1)
  4 kobolds
  6 rats
37 creatures vanquished.

Notes
Turn   | Place    | Note
-------+----------+-------------------------------------------
     0 | D:1      | qw the Gargoyle Fighter began the quest for the Orb.
     0 | D:1      | Reached XP level 1. HP: 14/14 MP: 1/1
     0 | D:1      | 0 ||| qw: Version: 0.3-a-5-g6f28e65
     0 | D:1      | 0 ||| qw: Game counter: 603
     0 | D:1      | 0 ||| qw: Always use a shield: true
     0 | D:1      | 0 ||| qw: God list: Okawaru
     0 | D:1      | 0 ||| qw: Allow faded altars: false
     0 | D:1      | 0 ||| qw: Do Orc after D:15 true
     0 | D:1      | 0 ||| qw: Do second Lair branch before Depths: true
     0 | D:1      | 0 ||| qw: Lair rune preference: random
     0 | D:1      | 0 ||| qw: Plans: Normal, Zot:1-4, Slime:5, God:TSO, Crypt,
                  | Tomb, Abyss, Pan, Hells, Win
     0 | D:1      | 0 ||| PLANNING D:1-11
   119 | D:1      | Reached XP level 2. HP: 19/19 MP: 2/2
   189 | D:1      | 189 ||| Stepping ~*~*~tactically~*~*~ (water).
   292 | D:1      | 292 ||| FLEEEEING.
   303 | D:1      | 303 ||| Stepping ~*~*~tactically~*~*~ (hiding).
   343 | D:1      | Reached skill level 3 in Axes
   426 | D:1      | Reached XP level 3. HP: 17/23 MP: 3/3
   598 | D:1      | 598 ||| DROPPING scarf of invisibility.
   599 | D:1      | 599 ||| UPGRADING to +0 chain mail.
   609 | D:1      | 609 ||| DROPPING +0 scale mail.
   610 | D:1      | 610 ||| READING scroll labelled WAQECE HAOPUTO.
   611 | D:1      | 611 ||| FLEEEEING.
   612 | D:1      | 612 ||| FLEEEEING.
   618 | D:1      | 618 ||| Stepping ~*~*~tactically~*~*~ (stealth).
   689 | D:1      | 689 ||| Stepping ~*~*~tactically~*~*~ (stealth).
   690 | D:1      | 690 ||| Stepping ~*~*~tactically~*~*~ (stealth).
   779 | D:1      | 779 ||| Stepping ~*~*~tactically~*~*~ (water).
  1045 | D:1      | 1045 ||| READING scroll labelled REBUOTSOIZO.
  1046 | D:1      | 1046 ||| READING scroll labelled XIJARYCUKA.
  1047 | D:1      | 1047 ||| READING scroll labelled TAEDYE WUAM.
  1048 | D:1      | 1048 ||| READING scroll labelled XOHIAK GAITZILUNON.
  1049 | D:1      | 1049 ||| DRINKING 2 pink potions.
  1154 | D:1      | 1154 ||| DROPPING potion of berserk rage.
  1221 | D:2      | Reached XP level 4. HP: 25/28 MP: 4/4
  1226 | D:2      | HP: 7/28 [gnoll/+0 club (2)]
  1228 | D:2      | Slain by a gnoll

Levels and vault maps discovered:
D:1:      lightli_arrival_lavapool, layout_basic, serial_bayou,
          serial_bayou_ford_a, serial_bayou_lake_a, serial_bayou_lagoon_b,
          serial_bayou_lagoon_a
D:2:      layout_rooms

Skill      XL: |  1  2 |
---------------+-------+-----
Axes           | 2 3 |  3.8
Fighting       | |  3.2
Armour         | |  3.2
Shields        | |  3.2

Action                     |  1- 3 |  4- 6 || total
---------------------------+-------+-------++-------
  Melee: War axe           |   104 |     8 ||   112
    Use: Scroll            |     5 |       ||     5
         Potion            |     1 |       ||     1
 Armour: Scale mail        |    42 |       ||    42
         Chain mail        |    18 |    13 ||    31
  Dodge: Dodged            |    50 |     5 ||    55
  Block: Buckler           |    28 |     2 ||    30

Table legend:
 A = Non-vault XP
 B = Vault XP
 C = Vault XP percentage of total XP
 D = Non-vault monster count
 E = Vault monster count
 F = Vault count percentage of total count
                 A         B        C        D         E       F
            +---------+---------+-------+---------+---------+-------
      Total |      87 |       0 |   0.0 |      37 |       0 |   0.0
            +---------+---------+-------+---------+---------+-------
        D:1 |      55 |       0 |   0.0 |      31 |       0 |   0.0
        D:2 |      32 |       0 |   0.0 |       6 |       0 |   0.0
            +---------+---------+-------+---------+---------+-------
